 Dungeon Crawl Stone Soup version 0.30-a0-972-gf3ab3527aa (webtiles) character file.

Game seed: 8888203304952114204

126 retardedninja the Covered (level 4, 0/40 HPs)
             Began as an Armataur Fighter on Mar 31, 2023.
             Succumbed to an adder's poison
             ... on level 3 of the Dungeon.
             The game lasted 00:04:17 (2794 turns).

retardedninja the Covered (Armataur Fighter)        Turns: 2794, Time: 00:04:18

Health: 0/40       AC:  7    Str: 21    XL:     4   Next: 83%
Magic:  4/4        EV:  7    Int:  9    God:
Gold:   97         SH:  4    Dex: 11    Spells: 3/3 levels left

rFire   . . .      SeeInvis .    a - +0 long sword
rCold   . . .      Faith    .    c - +0 buckler
rNeg    . . .      Spirit   .    b - +0 scale mail
rPois   .          Reflect  .    (no helmet)
rElec   .          Roll     +    (no cloak)
rCorr   .                        (no gloves)
Will    .....                    (no barding) Stlth
                                 (no amulet)
HPRegen 0.26/turn                (no ring)
MPRegen 0.09/turn                (no ring)

@: lethally poisoned (0 -> -2)
A: large, rugged brown scales 3, deformed body, armoured tail, roll, long
tongue, awkward tongue
a: no special abilities


You were on level 3 of the Dungeon.
You visited 1 branch of the dungeon, and saw 3 of its levels.

You collected 97 gold pieces.

Inventory:

Hand Weapons
 a - a +0 long sword (weapon)
Armour
 b - a +0 scale mail (worn)
 c - a +0 buckler (worn)
Jewellery
 f - an amulet of magic regeneration
Scrolls
 e - 2 scrolls of teleportation {unknown}
 g - 2 scrolls of fear {unknown}
 h - a scroll of magic mapping {unknown}
 i - a scroll of fog {unknown}
 j - 3 scrolls of identify {unknown}
 l - 2 scrolls of enchant weapon {unknown}
 m - a scroll of noise {unknown}
 o - a scroll of poison {unknown}
Potions
 d - a potion of might


   Skills:
 + Level 3.3 Fighting
 * Level 3.2 Long Blades
 + Level 4.3 Armour
 + Level 4.0 Shields


You had 3 spell levels left.
You didn't know any spells.
Your spell library contained the following spells:

 Spells                   Type           Power      Damage    Failure   Level
 Ensorcelled Hibernation  Hex/Ice        0%         N/A       89%         2
 Spider Form              Tmut/Pois      0%         N/A       98%         3
 Stone Arrow              Conj/Erth      0%         3d7       98%         3
 Anguish                  Hex/Necr       0%         N/A       100%        4
 Animate Armour           Summ/Erth      0%         N/A       100%        4
 Lehudib's Crystal Spear  Conj/Erth      0%         10d2      100%        8


Dungeon Overview and Level Annotations

Branches:
Dungeon (3/15)

Altars:

Annotations:
D:3 Robin


Innate Abilities, Weirdness & Mutations

You are completely covered in rugged brown scales. (AC +3, +7% HP)
Armour fits poorly on your strangely shaped body.
You have a long armoured tail.
You roll when moving toward enemies. (Rampage)
Your long tongue fully drains potion bottles. (2x potion effects)
Your tongue gives you trouble enunciating. (1.5x scroll delay)


Message History

The adder is moderately wounded.
You feel sick. The adder bites you.
You are more poisoned.
The adder poisons you!
You barely miss the adder.
The adder is moderately wounded.
You feel very sick. The adder bites you.
You are more poisoned.
The adder poisons you! The adder barely misses you.
You closely miss the adder.
The adder is moderately wounded.
You feel very sick. The adder barely misses you.
You closely miss the adder.
The adder is moderately wounded.
* * * LOW HITPOINT WARNING * * *
You feel very sick.
The adder bites you but does no damage. x2
Okay, then.
You hit the adder but do no damage.
The adder is moderately wounded.
* * * LOW HITPOINT WARNING * * *
You feel very sick. The adder bites you.
* * * LOW HITPOINT WARNING * * *
The adder barely misses you.
You slash the adder!
You kill the adder!
* * * LOW HITPOINT WARNING * * *
You feel sick.
* * * LOW HITPOINT WARNING * * *
You feel sick.
* * * LOW HITPOINT WARNING * * *
You feel sick.
* * * LOW HITPOINT WARNING * * *
You feel sick.
* * * LOW HITPOINT WARNING * * *
You feel sick.
You die...

..### #..... ..#
#.......######.#... ###
#.......#....#.##..
#### #
#.......#.##.#.....
...+
#.###.......#.##.######
####.
............#..........
......
...........####.#.(.##
######
#.......####.###.#
#.@.....##.#.# #.##
#.###......#.###.#.
.g.g #. #.###(.#.##..#.
..#g ..
...###..#.##..#. #.#
............#.##.... .#
........###..........
.........# #####.####.
..........# #......
###....


There were no monsters in sight!

Vanquished Creatures
  An orc wizard (D:3)
  3 adders
  2 worms
  2 dart slugs
  4 orcs (D:3)
  5 ball pythons
  2 endoplasms
  3 giant cockroaches
  13 goblins
  6 hobgoblins
  2 quokkas (D:2)
  3 bats
  2 frilled lizards
  2 kobolds
  5 rats
55 creatures vanquished.

Notes
Turn   | Place    | Note
-------+----------+-------------------------------------------
     0 | D:1      | retardedninja the Armataur Fighter began the quest for the
                  | Orb.
     0 | D:1      | Reached XP level 1. HP: 19/19 MP: 1/1
    43 | D:1      | You fall into a shaft and drop 1 floor!
   403 | D:1      | Reached XP level 2. HP: 26/26 MP: 2/2
   887 | D:2      | Found a faded altar of an unknown god.
  1294 | D:2      | Reached XP level 3. HP: 31/32 MP: 3/3
  1842 | D:3      | Noticed Robin
  2109 | D:3      | Reached XP level 4. HP: 40/40 MP: 4/4
  2791 | D:3      | HP: 2/40 [poisoned by an adder]
  2794 | D:3      | Succumbed to an adder's poison

Illustrated notes

Levels and vault maps discovered:
D:1:      psy_arrival_terrarium, layout_loops_corners
D:2:      layout_basic, dreamdust_ecumenical_altar_angels_and_demons,
          serial_glass, glass_columns_a, glass_columns_c
D:3:      layout_basic, uniq_robin

Skill      XL: |  1  2  3  4 |
---------------+-------------+-----
Long Blades    | 2 3 |  3.2
Fighting       | 3 |  3.3
Armour         | 4 |  4.3
Shields        | 4 |  4.0

Action                     |  1- 3 |  4- 6 || total
---------------------------+-------+-------++-------
  Melee: Long sword        |   122 |    64 ||   186
         Tailslap          |    12 |     6 ||    18
    Use: Potion            |       |     4 ||     4
 Armour: Scale mail        |    80 |    18 ||    98
         Skin              |       |    33 ||    33
  Dodge: Dodged            |    54 |    17 ||    71
  Block: Buckler           |    23 |    15 ||    38

Table legend: (Time is in decaauts)
 A = Elapsed time spent in this place.
 B = Non-inter-level travel time spent in this place.
 C = Inter-level travel time spent in this place.
 D = Time resting spent in this place.
 E = Time spent auto-exploring this place.
 F = Levels seen in this place.
 G = Mean time per level.
                   A        B        C        D        E       F      G
               +--------+--------+--------+--------+--------+-----+--------+
         Total |   2856 |   2831 |     25 |    568 |   1782 |   3 |  952.0 |
       Dungeon |   2856 |   2831 |     25 |    568 |   1782 |   3 |  952.0 |
               +--------+--------+--------+--------+--------+-----+--------+

Top non-repeatable levels by time:
     D:2: 1141 daAuts
     D:3: 972 daAuts
     D:1: 743 daAuts
